annie, chaotic female human Rogue -------------- +............| |............+ |............|# |.............# --------+-----### # # # f # # ######@f# # -.------ # # |......| ########## #|......| #---|------ #.......| #|........| -------- #.........| |.(<...... ---------- annie the Cutpurse Experience level: 5 Strength: 15 Dexterity: 18 Constitution: 14 Intelligence: 16 Wisdom: 8 Charisma: 10 Health: 0(32) Energy: 21(21) Def: 4 Gold: 81 Moves: 3456 Dungeon seed: TeOyDpIcKRRR-xcl Game ID: annie_1498012885 Your Inventory: Coins $ - 81 gold pieces Weapons a - an uncursed very corroded +0 dagger named Biter (weapon in hand) b - 7 uncursed +0 daggers named <<< (in quiver) m - 5 uncursed +0 daggers Armor e - an uncursed +1 leather armor (being worn) n - an uncursed +0 leather cloak (being worn) r - an uncursed +0 Hawaiian shirt (being worn) Comestibles j - 3 uncursed food rations D - an uncursed tripe ration G - 2 uncursed fortune cookies J - an uncursed lizard corpse Tools k - an uncursed lock pick o - 6 uncursed tallow candles (0:200) w - an uncursed tinning kit (0:46) B - an uncursed sack Contents of the sack: 1004 gold pieces a cursed scroll of confuse monster an uncursed scroll of fire an uncursed scroll of scare monster a cursed potion of acid an uncursed potion of confusion a cursed potion of confusion an uncursed potion of sickness an uncursed potion of water an uncursed +4 ring of protection Spells and supernatural/magical abilities: Name Level Category Fail Memory W - pray for help -- divine ? -- Your skills at the end: Fighting Skills Weapon Skills dagger [Basic] short sword [Basic] Spellcasting Skills Final Attributes: You were piously aligned. You were telepathic. You were stealthy. You are dead. Vanquished creatures: 2 lizards a dog 2 rock piercers a gnomish wizard 3 giant ants 2 floating eyes 2 rothes a monkey a dwarf zombie a werejackal 2 iguanas an acid blob 4 coyotes a large kobold 2 giant rats 2 cave spiders a yellow mold 2 gnomes 5 geckos 5 jackals a fox a kobold 2 goblins 12 grid bugs 3 lichens a kobold zombie 7 newts 68 creatures vanquished. Voluntary challenges: You had been an atheist until turn 1974. You used a wielded weapon 80 times, starting on turn 137. You read items or engraved 33 times, starting on turn 2070. You never genocided any monsters. You never polymorphed an object. You never changed form. You used no wishes. You never split a pudding. You wrote Elbereth's name 30 times, starting on turn 2071. You never violated your personal moral code. Dungeon overview: The Dungeons of Doom: levels 1 to 8 Level 1 a long staircase Level 2 a potion shop Level 3 a potion shop, a sink Level 4 a general store, a fountain, a sink stairs to The Gnomish Mines Level 5 a scroll shop, an altar to Kos, a fountain Level 6 (stash) a fountain Level 7 a general store Level 8 <- You were here The Gnomish Mines: Level 5 stairs to The Dungeons of Doom History has recorded: On T:1 you entered the Dungeons of Doom to retrieve the Amulet of Yendor! On T:132 you reached level 2 of The Dungeons of Doom. On T:508 you reached level 3 of The Dungeons of Doom. On T:551 you advanced to experience level 2. On T:818 you reached level 4 of The Dungeons of Doom. On T:961 you advanced to experience level 3. On T:1832 you reached level 1 of The Gnomish Mines. On T:1841 you advanced to experience level 4. On T:1887 you reached level 5 of The Dungeons of Doom. On T:2030 you reached level 6 of The Dungeons of Doom. On T:2441 you reached level 7 of The Dungeons of Doom. On T:2680 you advanced to experience level 5. On T:2911 you reached level 8 of The Dungeons of Doom. Score breakdown: Gold: 1085 (10326 points) Experience: 5 levels (11141 points) Exploration: 8 levels ( 16.33%) (11456 points) Discoveries: 2 items ( 0.67%) ( 2457 points) Valuables value: (no points given unless you survive) Artifact value: 0 ( 0 points) Variety of kills: 27 monsters ( 7.09%) ( 7986 points) Turncount: 3456 turns ( -809 points) Survival: died (score multiplied by 80%) Total score: 34045 Latest messages: You write in the dust with your fingers. Archaea bites the coyote. The coyote misses Archaea. The coyote turns to flee! You hit the coyote. Archaea bites the coyote. The coyote misses Archaea. The coyote bites Archaea. The gnome zombie hits! You add to the writing in the dust with your fingers. Archaea bites the coyote. The coyote is killed! You add to the writing in the dust with your fingers. The gnome zombie turns to flee! The kitten bites! (2x) You hit the kitten. The kitten bites! You hit the kitten. The kitten bites! Archaea misses the kitten. The kitten bites! You die... Final status: Goodbye annie the Rogue, killed by a kitten... You died in The Dungeons of Doom on dungeon level 8 with 34045 points, and 1085 pieces of gold, after 3456 moves. You were level 5 with a maximum of 32 hit points when you died.